 Dungeon Sprint DCSS version 0.21.1-1-g345015f (webtiles) character file.

372 Psiloshibe the Fighter (level 9, -4/124 HPs)
             Began as a Barachi Berserker on June 27, 2018.
             Was a High Priest of Trog.
             Slain by a battleaxe of flaming (28 damage)
             ... in the Dungeon (Sprint VI: "Thunderdome").
             The game lasted 00:07:28 (842 turns).

Psiloshibe the Fighter (Barachi Berserker)           Turns: 842, Time: 00:07:29

Health: -4/124     AC:  7    Str: 32    XL:     9   Next: 33%
Magic:  9/9        EV: 16    Int:  7    God:    Trog [*****.]
Gold:   535        SH:  0    Dex: 11    Spells: 8/8 levels left

rFire    + . .     SeeInvis .   q - +0 scythe (curse)
rCold    . . .     Gourm    .   (shield currently unavailable)
rNeg     . . .     Faith    +   w - +0 scale mail
rPois    +         Spirit   .   (no helmet)
rElec    +         Reflect  .   (no cloak)
rCorr    .         Harm     .   (no gloves)
MR       .....     NoTele   +   (no boots)
Stlth    ..........             t - amulet of False Hope {Faith +Blink rElec rF+ MR-}
HPRegen  0.30/turn              n - ring of Serendipity {rPois Dex+2 Stlth+}
MPRegen  0.11/turn              p - ring of the Furies {MR+ EV+2 Str+6 Dex-4 Stlth-}

@: berserking, quick
A: +LOS, swims, slowness 1, strong legs 1
}: 1/15 runes: decaying
a: Hop, Berserk, Trog's Hand, Brothers in Arms, Burn Spellbooks, Renounce
Religion, Evoke Blink


You were in the Dungeon.
You worshipped Trog.
Trog was extremely pleased with you.
You were very hungry.

You visited 1 branch You collected 670 gold pieces.
You spent 135 gold pieces at shops.

Inventory:

Hand Weapons
 a - a +0 falchion
 q - a cursed +0 scythe (weapon)
Missiles
 v - 8 curare-tipped needles
Armour
 w - a +0 scale mail (worn)
Jewellery
 n - the ring of Serendipity (left hand) {rPois Dex+2 Stlth+}
   (You bought it in a shop in the Dungeon)

   [ring of stealth]

   It affects your dexterity (+2).
   It protects you from poison.
   It makes you more stealthy.
 o - the amulet of Xaotz {Spirit Str+4 SInv}
   (You bought it in a shop in the Dungeon)

   [amulet of guardian spirit]

   It causes incoming damage to be split between your health and magic.
   It affects your strength (+4).
   It lets you see invisible.
 p - the ring of the Furies (right hand) {MR+ EV+2 Str+6 Dex-4 Stlth-}
   (You bought it in a shop in the Dungeon)

   [ring of evasion]

   It affects your evasion (+2).
   It affects your strength (+6).
   It affects your dexterity (-4).
   It affects your resistance to hostile enchantments.
   It makes you less stealthy.
 t - the amulet of False Hope (around neck) {Faith +Blink rElec rF+ MR-}
   (You found it in the Dungeon)

   [amulet of faith]

   It allows you to gain divine favour quickly.
   It protects you from fire.
   It insulates you from electricity.
   It affects your resistance to hostile enchantments.
   It lets you blink.
Wands
 k - a wand of acid (5)
 l - a wand of iceblast (5)
Scrolls
 i - 4 scrolls of blinking
 m - 3 scrolls of fog
Potions
 d - a potion of curing
 e - 4 potions of heal wounds
 f - 4 potions of haste
 g - 2 potions of magic
 h - a potion of berserk rage
 j - a potion of resistance
 s - a potion of experience
Comestibles
 c - a ration
 r - 3 chunks of flesh


   Skills:
 + Level 12.5 Fighting
 + Level 10.0 Long Blades
 + Level 11.3 Polearms
 * Level 8.0 Throwing
 + Level 5.3 Armour
 + Level 8.5 Dodging
 + Level 0.2 Stealth


You had 8 spell levels left.
You didn't know any spells.

Dungeon Overview and Level Annotations

Branches:
Dungeon (1/1)

Altars:
Cheibriados
Dithmenos
Fedhas
Gozag
Kikubaaqudgha
Makhleb
Okawaru
Qazlal
Ru
Sif Muna
Trog
Uskayaw
Vehumet
Wu Jian
Xom
Yredelemnul
Zin
The Shining One
Beogh
Jiyva
Lugonu

Shops:
D *[%??*?*:[((!!!!


Innate Abilities, Weirdness & Mutations

Shadows flee at your approach. (+LOS)
You can swim through water.
You cover ground slowly.
You can hop short distances.


Message History

You throw a poisoned javelin.
The poisoned javelin hits the battleaxe of flaming.
The battleaxe of flaming is lightly damaged.
Drop what? 22/52 slots (_ for help) (? for menu, Esc to quit)
You drop a +0 animal skin.
You miss the battleaxe of flaming. The battleaxe of flaming hits you!!
The battleaxe of flaming burns you. The battleaxe of flaming hits you!!
The battleaxe of flaming burns you.
A red film seems to cover your vision as you go berserk!
You feel yourself moving faster!
You feel mighty!
You are feeling very hungry.
The battleaxe of flaming hits you!
* * * LOW HITPOINT WARNING * * *
The battleaxe of flaming burns you.
* * * LOW HITPOINT WARNING * * *
You miss the battleaxe of flaming. You slash the battleaxe of flaming!
The battleaxe of flaming is moderately damaged.
The battleaxe of flaming hits you!!
You die...

..........###.............##
.......###..(###..........⌠#
.......# #.<.# #.........(§#
.......###...###........(.⌠#
..........###.............##
........8.# #.8........∩###
∩___......###......___∩##
#####.8.........8.######
#⌠..........@⌠#
###........(### #........_#
#_......._# #_.....(._#
#∩.......∩# ##∩.....∩##
##.....## ##⌠⌠(##


You could see a battleaxe of flaming.

Vanquished Creatures
  A deep elf mage (D)
  A blink frog (D)
  Sigmund (D)
  A floating eye (D)
  6 bullfrogs (D)
  4 jellies (D)
  Jessica (D)
  2 adders (D)
  An ooze (D)
  An orc (D)
  A bat (D)
  A bat zombie (D)
  A frilled lizard (D)
  A goblin (D)
23 creatures vanquished.

Vanquished Creatures (collateral kills)
  A spiny frog (D)
1 creature vanquished.

Vanquished Creatures (others)
  A wizard (D)
1 creature vanquished.

Grand Total: 25 creatures vanquished

Notes
Turn   | Place    | Note
-------+----------+-------------------------------------------
     0 | D        | Psiloshibe the Barachi Berserker began the quest for the Orb.
     0 | D        | Reached XP level 1. HP: 18/18 MP: 1/1
     0 | D        | Found a roughly hewn altar of Beogh.
     0 | D        | Found a shadowy altar of Dithmenos.
     3 | D        | Found a radiant altar of Vehumet.
     3 | D        | Found a stormy altar of Qazlal.
     4 | D        | Found a glowing silver altar of Zin.
     4 | D        | Found a hide-covered altar of Uskayaw.
     5 | D        | Found Yruowoemi's Delicious Food.
     5 | D        | Found an ancient bone altar of Kikubaaqudgha.
     5 | D        | Found Cuajosost's Identification Station.
     5 | D        | Found a snail-covered altar of Cheibriados.
     5 | D        | Round 1.
     6 | D        | Found Axigub's Jewellery.
     6 | D        | Found Meojige's Advanced Armour.
     6 | D        | Found an opulent altar of Gozag.
     6 | D        | Found a corrupted altar of Lugonu.
     6 | D        | Found a burning altar of Makhleb.
    16 | D        | Bought a glittering silver ring for 45 gold pieces
    16 | D        | Bought a vibrating crystal amulet for 45 gold pieces
    16 | D        | Bought a twitching tin ring for 45 gold pieces
    16 | D        | Identified the amulet of Xaotz {Spirit Str+4 SInv} (You bought it in a shop in the Dungeon)
    17 | D        | Identified the ring of Serendipity {rPois Dex+2 Stlth+} (You bought it in a shop in the Dungeon)
    18 | D        | Noticed Sigmund
    18 | D        | Identified the ring of the Furies {MR+ EV+2 Str+6 Dex-4 Stlth-} (You bought it in a shop in the Dungeon)
    27 | D        | Killed Sigmund
    27 | D        | Reached skill level 8 in Fighting
    27 | D        | Reached XP level 2. HP: 26/33 MP: 0/2
    27 | D        | Reached XP level 3. HP: 31/38 MP: 0/3
    27 | D        | Reached XP level 4. HP: 36/45 MP: 0/4
    27 | D        | Reached XP level 5. HP: 41/51 MP: 0/5
    30 | D        | Found Geing's Magic Scroll Shop.
    31 | D        | Found Juolulun's Staff Store.
    32 | D        | Found Iptot's Magic Scroll Shop.
    32 | D        | Found Batuq's Must-Have Magic.
    40 | D        | Reached ** piety under Trog
    50 | D        | Noticed Jessica
    52 | D        | Found a sacrificial altar of Ru.
    53 | D        | Found a shimmering altar of Xom.
    56 | D        | Killed Jessica
    56 | D        | Reached skill level 9 in Fighting
    56 | D        | Reached skill level 1 in Throwing
    56 | D        | Reached skill level 5 in Armour
    57 | D        | Found an ornate altar of the Wu Jian Council.
    61 | D        | Found Ixtomomm's Distillery.
    62 | D        | Found a viscous altar of Jiyva.
    62 | D        | Found a basalt altar of Yredelemnul.
    62 | D        | Found a glowing golden altar of the Shining One.
    62 | D        | Found Duclixy's Do-It-Yourself Clinic.
    63 | D        | Found Wypp's Distillery.
    63 | D        | Found Ibraheg's Bottled Wisdom.
    71 | D        | Found a deep blue altar of Sif Muna.
    74 | D        | Found a bloodstained altar of Trog.
    75 | D        | Found Xoucy's Weapon Rack.
    75 | D        | Found Moiryn's Basic Armour.
    75 | D        | Found Fecsosm's Miscellaneous Merchandise.
    76 | D        | Found an iron altar of Okawaru.
    76 | D        | Found a blossoming altar of Fedhas.
    76 | D        | Found Heyrot's Premium Goods.
   115 | D        | Arena points: 12 (+12) [x2]
   161 | D        | Round 2.
   170 | D        | Reached *** piety under Trog
   305 | D        | Arena points: 22 (+10) [x1]
   317 | D        | Round 3.
   328 | D        | Reached **** piety under Trog
   328 | D        | Reached skill level 1 in Polearms
   328 | D        | Reached XP level 6. HP: 51/59 MP: 6/6
   339 | D        | Reached skill level 5 in Dodging
   421 | D        | Noticed a floating eye
   427 | D        | Paralysed by a floating eye for 2 turns
   429 | D        | Killed a floating eye
   429 | D        | Arena points: 64 (+42) [x2]
   429 | D        | Reached skill level 10 in Fighting
   429 | D        | Reached skill level 10 in Long Blades
   429 | D        | Reached XP level 7. HP: 51/66 MP: 5/7
   473 | D        | Round 4.
   489 | D        | Reached ***** piety under Trog
   489 | D        | Reached skill level 5 in Polearms
   496 | D        | Received a gift from Trog
   533 | D        | Reached skill level 5 in Throwing
   545 | D        | Received a gift from Trog
   552 | D        | Noticed a blink frog
   556 | D        | Killed a blink frog
   556 | D        | Reached skill level 11 in Fighting
   556 | D        | Reached XP level 8. HP: 36/75 MP: 5/8
   564 | D        | Noticed a spiny frog
   575 | D        | Killed a spiny frog
   575 | D        | Arena points: 172 (+108) [x3]
   629 | D        | Round 5.
   635 | D        | Noticed a witch
   651 | D        | Noticed a bog body
   653 | D        | Killed a witch
   653 | D        | Arena points: 372 (+200) [x5]
   653 | D        | Reached skill level 12 in Fighting
   653 | D        | Reached skill level 10 in Polearms
   653 | D        | Reached XP level 9. HP: 59/82 MP: 7/9
   656 | D        | Got a faintly glowing graven amulet
   656 | D        | Got a decaying rune of Zot
   708 | D        | Identified the amulet of False Hope {Faith +Blink rElec rF+ MR-} (You found it in the Dungeon)
   802 | D        | Round 6.
   804 | D        | Noticed a deep elf mage
   815 | D        | Killed a deep elf mage
   815 | D        | Received a gift from Trog
   833 | D        | Noticed a battleaxe of flaming
   842 | D        | Slain by a battleaxe of flaming

Skill      XL: |  1  2  3  4  5  6  7  8  9 |
---------------+----------------------------+-----
Fighting       | 8 9 10 11 12 | 12.5
Long Blades    | 9 10 | 10.0
Armour         | 4 5 |  5.3
Dodging        | 4 6 7 8 |  8.5
Throwing       | 2 4 5 7 8 |  8.0
Polearms       | 1 4 8 10 11 | 11.3
Stealth        | |  0.2

Action                   |  1- 3 |  4- 6 |  7- 9 || total
-------------------------+-------+-------+-------++-------
Melee: Falchion          |     4 |       |       ||     4
       Scythe            |       |    36 |    33 ||    69
Throw: Javelin           |       |       |    14 ||    14
Invok: Berserk           |     1 |       |     2 ||     3
       Trog's Hand       |       |     1 |     3 ||     4
       Brothers in Arms  |       |       |     1 ||     1
 Abil: Hop               |       |       |     1 ||     1
  Eat: Chunk             |       |       |     4 ||     4
Armor: Animal skin       |       |     7 |     3 ||    10
Dodge: Dodged            |     2 |    68 |    33 ||   103
       Rpst.: Falchion   |     1 |       |       ||     1
